Map: Darkness Sanctuary LE

Players

Andy

  • Race: Protoss Protoss
  • League: Platinum
  • Spawn Location: 1:00

Test - Winner!

  • Race: Terran Terran
  • League: Silver
  • Spawn Location: 5:00

VOD

Have the link to the VOD?

Description

Time

  • Played on: May 15, 2018, 6:07 p.m.
  • Length: 4:50
Show
View Real Time Build Order
Export as new Build Order

Andy Protoss 

Build Orders: 1 Gate Expand, Double Forge 

Get SALT Encoding   

  12  0:00  Probe  
  13  0:12  Probe  
  14  0:18  Pylon  
  14  0:24  Probe  
  15  0:36  Probe  
  16  0:43  Gateway  
  16  0:49  Probe  
  17  1:01  Probe  
  18  1:13  Probe  
  19  1:20  Assimilator  
  19  1:25  Probe  
  20  1:32  Nexus  
  20  1:35  Cybernetics Core  
  20  1:37  Probe  
  21  1:41  Warp Gate  
  21  1:45  Assimilator  
  21  1:50  Probe  
  22  2:02  Pylon, Probe  
  23  2:20  Probe  
  24  2:33  Probe  
  25  2:44  Probe  
  25  2:45  Probe  
  25  2:51  Nexus  
  27  2:56  Probe  
  27  2:57  Stalker, Probe  
  28  3:08  Probe  
  28  3:09  Probe  
  32  3:17  Pylon  
  32  3:20  Probe  
  32  3:21  Probe  
  34  3:28  Gateway  
  34  3:33  Probe x2  
  36  3:45  Probe x2  
  38  3:57  Probe x2  
  38  3:58  Pylon  
  40  4:02  Zealot  
  40  4:05  Probe  
  40  4:08  Forge  
  40  4:09  Probe x2  
  45  4:12  Forge  
  45  4:17  Probe  
  45  4:21  Probe x2  
  48  4:29  Probe  
  49  4:33  Probe  
  49  4:34  Probe  
  48  4:47  Gateway  
Show
View Real Time Build Order
Export as new Build Order

Test Terran - Winner!

Build Orders:  

Get SALT Encoding   

  12  0:00  SCV  
  13  0:12  SCV  
  14  0:17  Refinery  
  14  0:24  SCV  
  15  0:32  Supply Depot  
  15  1:05  Barracks  
  15  1:09  SCV  
  16  1:12  Barracks  
  16  1:21  SCV  
  17  1:25  Barracks  
  17  1:33  SCV  
  18  1:45  SCV  
  19  1:53  Marine  
  20  1:54  Barracks  
  20  2:02  SCV  
  22  2:11  Marine  
  22  2:14  Barracks Reactor  
  23  2:18  Barracks Reactor  
  22  2:27  Orbital Command  
  23  2:30  Barracks Tech Lab  
  22  2:43  Barracks Tech Lab  
  22  2:44  Barracks Reactor  
  22  2:51  Engineering Bay  
  22  2:55  Marine  
  23  3:16  Bunker  
  23  3:17  Supply Depot  
  23  3:35  Supply Depot  
  23  3:39  Marine x6  
  29  3:44  Supply Depot  
  29  3:48  Marine  
  30  3:54  Supply Depot  
  30  3:56  Marine  
  30  4:00  Marine x2  
  30  4:02  Marine  
  33  4:07  Marine  
  35  4:12  Marine  
  35  4:13  Marine  
  35  4:16  Marine  
  38  4:23  Marine  
  39  4:24  Marine  
  39  4:27  Marine  
  39  4:31  Marine  
Tags
 
Add a new tag
Caveats
  • Supply blocks, unpowered buildings, or Contaminate may cause inaccurate times.
  • Supply counts are checked every 10 seconds.